 Dungeon Crawl Stone Soup version 0.26.1-2-gb8aa6d0cf2 (webtiles) character file.

Game seed: 9045854988145530523

2389 Gadfly the Gusty (level 9, -1/51 HPs)
             Began as a Tengu Air Elementalist on Feb 18, 2021.
             Was a Follower of Vehumet.
             Slain by Maggie
             ... wielding a +0 halberd
              (15 damage)
             ... on level 7 of the Dungeon.
             The game lasted 00:26:54 (11289 turns).

Gadfly the Gusty (Tengu Air Elementalist)          Turns: 11289, Time: 00:26:55

Health: -1/51      AC:  4    Str:  8    XL:     9   Next: 46%
Magic:  0/17       EV: 19    Int: 19    God:    Vehumet [*.....]
Gold:   221        SH:  0    Dex: 18    Spells: 2/17 levels left

rFire    . . .     SeeInvis .   a - +1 dagger (venom)
rCold    . . .     Faith    .   (no shield)
rNeg     . . .     Spirit   .   w - +1 robe
rPois    .         Reflect  .   (helmet restricted)
rElec    .         Harm     .   (no cloak)
rCorr    .         Rampage  .   d - +0 pair of gloves {Dex+3}
Will     .....                  (boots unavailable)
Stlth    +++.......             (no amulet)
HPRegen  0.17/turn              h - ring of wizardry
MPRegen  0.15/turn              q - ring of stealth

@: swift, flying quickly and evasively, mesmerised, very quick
A: beak, talons 3, able to fly
a: Stop Flying, Renounce Religion


You were on level 7 of the Dungeon.
You worshipped Vehumet.
Vehumet was aware of your devotion.
You visited 2 branches of the dungeon, and saw 8 of its levels.

You collected 344 gold pieces.
You spent 123 gold pieces at shops.

Inventory:

Hand Weapons
 a - a +1 dagger of venom (weapon)
 b - a +3 trident
Armour
 d - a +0 pair of gloves of dexterity (worn)
 w - a +1 robe (worn)
Jewellery
 h - a ring of wizardry (left hand)
 q - a ring of stealth (right hand)
Wands
 t - a wand of iceblast (6)
 u - a wand of flame (54)
 v - a wand of paralysis (16)
Scrolls
 c - 4 scrolls of identify
 k - 3 scrolls of blinking
 l - 2 scrolls of amnesia
 m - a scroll of remove curse
 n - a scroll of magic mapping
 o - a scroll of fear
 s - 3 scrolls of enchant armour
Potions
 e - a potion of might
 f - a potion of lignification
 g - a potion of cancellation
 i - a potion of mutation
 j - a potion of ambrosia
 p - a potion of berserk rage
 r - a potion of magic


   Skills:
 + Level 3.2 Fighting
 * Level 5.8 Dodging
 - Level 2.0 Stealth
 * Level 4.9 Spellcasting
 * Level 6.4 Conjurations
 * Level 5.8 Summonings
 * Level 6.8 Air Magic
 * Level 4.7 Evocations


You had 2 spell levels left.
You knew the following spells:

 Your Spells              Type           Power        Failure   Level
a - Shock                 Conj/Air       100%         1%          1
b - Swiftness             Air            30%          1%          2
c - Static Discharge      Conj/Air       29%          1%          3
d - Airstrike             Air            15%          3%          4
e - Lightning Bolt        Conj/Air       14%          9%          5

Your spell library contained the following spells:

 Spells                   Type           Power        Failure   Level
 Sandblast                Erth           8%           5%          1
 Beastly Appendage        Tmut           8%           5%          1
 Wereblood                Tmut           4%           8%          2
 Spider Form              Tmut/Pois      2%           16%         3
 Ice Form                 Ice/Tmut       4%           43%         4
 Blade Hands              Tmut           2%           77%         5


Dungeon Overview and Level Annotations

Branches:
Dungeon (7/15)             Temple (1/1) D:6

Altars:
Ashenzari
Cheibriados
Dithmenos
Hepliaklqana
Makhleb
Nemelex Xobeh
Okawaru
Ru
Sif Muna
Trog
Uskayaw
Vehumet
Wu Jian
Xom
Yredelemnul
The Shining One

Shops:
D:4 !   D:7 *

Annotations:
D:4 3 runed translucent doors, sraybest's ghost, amateur MiBe
D:7 Maggie


Innate Abilities, Weirdness & Mutations

You have a beak for a mouth.
You have claws for feet.
You can fly continuously.


Message History

The orc warrior is almost dead.
You are struck by an arc of lightning.
The lightning grounds out.
Maggie closely misses you.
The orc warrior hits you with a +0 flail!!
* * * LOW HITPOINT WARNING * * *
Casting: Static Discharge (safe; 1% risk of failure)
Confirm with . or Enter, or press ? or * to list all spells.
You don't have enough magic to cast that spell.
Casting: Static Discharge (safe; 1% risk of failure)
Confirm with . or Enter, or press ? or * to list all spells.
You don't have enough magic to cast that spell.
Unknown command.
You hit the orc warrior but do no damage.
The orc warrior is poisoned.
You claw the orc warrior, but do no damage.
The orc warrior is almost dead.
Maggie misses you. The orc warrior misses you.
Okay, then.
Maggie hits you with a +0 halberd!
You die...

..............##..<..##
##...........##.......##
............##)))###...##
..........†.#8)8## ##8.8#
...###..##).##)## ##'## ..
.###..#..##)# ##.# .
..........#..# #..#
.......@.....# #.## #.
........@o..## ##.# ..
............## ###..# ...
.............###...## ...
...........#..##..## ...
...........##..#....#
......##....###............##
..............#....#........#
#.......##.#.....###........#
##.# #................#.....#


You could see Maggie (mesmerising) and an orc warrior (very poisoned).

Vanquished Creatures
  Prince Ribbit (D:7)
  2 sky beasts
  2 ice beasts (D:5)
  A phantom (D:4)
  A necrophage (D:5)
  3 ogres
  A centaur (D:6)
  2 bullfrogs
  A scorpion (D:5)
  4 wights (D:7)
  A howler monkey (D:6)
  A centaur zombie (D:7)
  2 jellies (D:6)
  A quasit (D:7)
  A bullfrog skeleton (D:4)
  6 orc priests
  2 hounds
  5 orc wizards
  3 worker ants
  2 hound skeletons
  7 gnolls
  8 adders
  A shadow imp (D:7)
  4 oozes
  2 adder skeletons
  2 worms
  5 dart slugs
  4 leopard geckos
  24 orcs
  2 ball pythons (D:2)
  8 bats
  6 giant cockroaches
  4 goblins
  5 hobgoblins
  14 jackals
  5 quokkas
  A ball python skeleton (D:5)
  A frilled lizard (D:3)
  11 kobolds
  A leopard gecko skeleton (D:7)
  A quokka skeleton (D:6)
  6 rats
164 creatures vanquished.

Notes
Turn   | Place    | Note
-------+----------+-------------------------------------------
     0 | D:1      | Gadfly the Tengu Air Elementalist began the quest for the
                  | Orb.
     0 | D:1      | Reached XP level 1. HP: 10/10 MP: 4/4
   438 | D:1      | Reached XP level 2. HP: 9/15 MP: 0/6
   672 | D:1      | Learned a level 2 spell: Swiftness
  1089 | D:1      | Reached XP level 3. HP: 20/20 MP: 7/7
  1093 | D:1      | Learned a level 3 spell: Static Discharge
  1135 | D:2      | Reached skill level 1 in Summonings
  1531 | D:2      | Reached skill level 1 in Evocations
  2139 | D:2      | Reached XP level 4. HP: 24/24 MP: 5/8
  2679 | D:3      | Reached skill level 1 in Fighting
  3260 | D:3      | Gained mutation: You can fly continuously. [Tengu growth]
  3260 | D:3      | Reached XP level 5. HP: 22/29 MP: 3/9
  4064 | D:3      | Noticed a +0 hand axe
  4064 | D:3      | Noticed a +0 hand axe
  4067 | D:3      | Found a hide-covered altar of Uskayaw.
  4325 | D:4      | Found Raniomm's Distillery.
  4668 | D:4      | Bought a potion of lignification for 33 gold pieces
  4668 | D:4      | Bought a potion of degeneration for 11 gold pieces
  4668 | D:4      | Bought a potion of berserk rage for 55 gold pieces
  4698 | D:4      | Reached XP level 6. HP: 13/34 MP: 2/11
  4954 | D:4      | Noticed a phantom
  5004 | D:4      | Killed a phantom
  5333 | D:4      | Learned a level 4 spell: Airstrike
  5350 | D:4      | Reached XP level 7. HP: 39/39 MP: 7/12
  5915 | D:4      | Found a runed translucent gate.
  5915 | D:4      | Found a runed translucent gate.
  5915 | D:4      | Found a runed translucent gate.
  5920 | D:4      | Noticed sraybest's ghost (amateur MiBe)
  6260 | D:4      | Found a shimmering altar of Xom.
  6458 | D:5      | Entered Level 5 of the Dungeon
  6777 | D:5      | Reached skill level 5 in Air Magic
  7760 | D:5      | Reached XP level 8. HP: 24/44 MP: 4/14
  8058 | D:5      | Reached skill level 5 in Conjurations
  8398 | D:5      | Learned a level 5 spell: Lightning Bolt
  8545 | D:6      | Found a staircase to the Ecumenical Temple.
  8576 | Temple   | Entered the Ecumenical Temple
  8801 | D:6      | Found a radiant altar of Vehumet.
  8851 | D:6      | Became a worshipper of Vehumet
  9105 | D:6      | Reached skill level 5 in Summonings
  9245 | D:6      | Reached skill level 5 in Dodging
 10018 | D:7      | Noticed Prince Ribbit
 10020 | D:7      | Reached XP level 9. HP: 49/49 MP: 13/16
 10340 | D:7      | Killed Prince Ribbit
 10503 | D:7      | Found Diupt's Assorted Antiques.
 10511 | D:7      | Bought a dark potion for 24 gold pieces
 10512 | D:7      | Noticed Maggie
 10861 | D:7      | Reached * piety under Vehumet
 10861 | D:7      | Offered knowledge of Sandblast by Vehumet.
 11289 | D:7      | Slain by Maggie

Illustrated notes

Levels and vault maps discovered:
D:1:      mainiacjoe_arrival_reflecting_pool, layout_rooms
D:2:      layout_basic, minivault_23, chequers_arboretum
D:3:      layout_basic, dancing_weapons_uskayaw, st_stairs_1,
          minmay_quadrilaterals
D:4:      layout_gridville, gammafunk_ghost_necromancy, serial_shops, shop,
          tgw_xom
D:5:      layout_loops_corners, due_unseen_surprise
D:6:      layout_loops_ring, vehumet_altar_wand_db, temple_statues
D:7:      layout_cave_pools, marbit_many_paths, serial_shops, shop,
          grunt_ministairs_8, uniq_maggie, uniq_crazy_yiuf_cottage,
          uniq_prince_ribbit1
Temple:   eino_narrow_crystal_temple

Skill      XL: |  1  2  3  4  5  6  7  8  9 |
---------------+----------------------------+-----
Conjurations   | 2 3 4 5 6 |  6.4
Summonings     | 1 2 3 4 5 |  5.8
Evocations     | 1 2 3 4 |  4.7
Fighting       | 1 2 3 |  3.2
Dodging        | 3 4 5 |  5.8
Spellcasting   | 3 4 |  4.9
Air Magic      | 5 6 |  6.8
Stealth        | |  2.0

Action                   |  1- 3 |  4- 6 |  7- 9 || total
-------------------------+-------+-------+-------++-------
Melee: Unarmed           |     3 |       |       ||     3
       Kick              |    17 |    27 |    35 ||    79
       Short sword       |    51 |       |       ||    51
       Peck              |     5 |    12 |    18 ||    35
       Mace              |     2 |    92 |    10 ||   104
       Flail             |       |       |    99 ||    99
       Trident           |       |       |     5 ||     5
       Dagger            |       |       |     1 ||     1
 Cast: Shock             |    34 |    69 |   153 ||   256
       Static Discharge  |     2 |     6 |    25 ||    33
       Lightning Bolt    |       |       |     7 ||     7
       Swiftness         |       |       |     2 ||     2
 Abil: Fly               |       |     1 |       ||     1
Evoke: Wand              |       |       |     9 ||     9
  Use: Scroll            |     5 |     6 |     6 ||    17
       Potion            |     2 |     3 |     2 ||     7
 Stab: Sleeping          |       |     1 |     3 ||     4
Armor: Robe              |    15 |    17 |    28 ||    60
Dodge: Dodged            |    46 |    72 |   167 ||   285
